 Dungeon Crawl Stone Soup version 0.31-a0-702-gf82c85558f (webtiles) character file.

Game seed: 5047395880056373970

2515 pokeman the Thaumaturge (level 9, -5/46 (48) HPs)
             Began as a Deep Elf Hedge Wizard on Sept 8, 2023.
             Was an Initiate of Vehumet.
             Shot with a sling bullet by Joseph (6 damage)
             ... on level 8 of the Dungeon.
             The game lasted 00:18:19 (8985 turns).

pokeman the Thaumaturge (Deep Elf Hedge Wizard)     Turns: 8985, Time: 00:18:21

HP:   -5/46 (48)    AC:  4    Str:  7    XL:     9   Next: 29%
MP:   20/26         EV: 28    Int: 24    God:    Vehumet [......]
Gold: 273           SH:  0    Dex: 14    Spells: 22/30 levels left

rFire   . . .        y - +2 dagger (speed)
rCold   . . .        (no shield)
rNeg    . . .        b - +0 robe
rPois   .            c - +0 hat
rElec   .            (no cloak)
rCorr   .            t - +0 pair of gloves
SInv    .            A - +0 pair of boots
Will    +....        g - amulet of the acrobat
Stlth   ++           q - ring of willpower
HPRegen 0.27/turn    w - ring of wizardry
MPRegen 0.20/turn

%: acrobat, wizardry (x1)
@: acrobatic, lightly drained
A: no striking features
a: Renounce Religion


You were on level 8 of the Dungeon.
You worshipped Vehumet.
Vehumet was noncommittal.
You visited 2 branches of the dungeon, and saw 9 of its levels.

You collected 478 gold pieces.
You spent 205 gold pieces at shops.

Inventory:

Hand Weapons
 y - a +2 dagger of speed (weapon)
Missiles
 o - a curare-tipped dart
Armour
 b - a +0 robe (worn)
 c - a +0 hat (worn)
 t - a +0 pair of gloves (worn)
 A - a +0 pair of boots (worn)
Magical Staves
 j - a staff of death
Jewellery
 g - an amulet of the acrobat (around neck)
 q - a ring of willpower (left hand)
 v - a ring of willpower
 w - a ring of wizardry (right hand)
Wands
 B - a wand of charming (8)
Scrolls
 a - 2 scrolls of teleportation
 e - a scroll of poison {unknown}
 i - a scroll of immolation {unknown}
 l - 2 scrolls of revelation
 n - 3 scrolls of enchant weapon {unknown}
 p - a scroll of amnesia {unknown}
 r - 9 scrolls of identify {unknown}
 u - 2 scrolls of vulnerability {unknown}
 x - 2 scrolls of enchant armour {unknown}
Potions
 d - 2 potions of magic
 f - 2 potions of degeneration {unknown}
 h - a potion of resistance {unknown}
 k - 4 potions of haste {unknown}
 m - 2 potions of mutation {unknown}
 s - 2 potions of might {unknown}
 z - a potion of curing {unknown}


   Skills:
 - Level 2.1 Fighting
 - Level 2.0 Armour
 - Level 3.0 Dodging
 - Level 3.1 Stealth
 + Level 2.5 Shields
 * Level 11.2 Spellcasting
 + Level 6.1 Conjurations
 - Level 1.1 Summonings
 + Level 5.8 Necromancy
 - Level 1.1 Translocations
 - Level 1.1 Air Magic
 - Level 1.2 Poison Magic
 - Level 1.0 Evocations


You had 22 spell levels left.
You knew the following spells:

 Your Spells              Type           Power      Damage    Failure   Level
a - Magic Dart            Conj           100%       1d8       1%          1
b - Mephitic Cloud        Conj/Pois/Air  27%        N/A       1%          3
c - Call Imp              Summ           36%        N/A       1%          2
d - Blink                 Tloc           36%        N/A       1%          2

Your spell library contained the following spells:

 Spells                   Type           Power      Damage    Failure   Level
 Slow                     Hex            52%        N/A       1%          1
 Summon Small Mammal      Summ           72%        N/A       1%          1
 Cigotuvi's Dreadful Rot  Necr/Pois/Air  52%        N/A       1%          2
 Call Canine Familiar     Summ           18%        N/A       3%          3
 Summon Guardian Golem    Hex/Summ       16%        N/A       4%          3


Dungeon Overview and Level Annotations

Branches:
Dungeon (8/15)             Temple (1/1) D:7
   Lair: D:8-11

Altars:
Ashenzari
Cheibriados
Dithmenos
Elyvilon
Fedhas
Gozag
Hepliaklqana
Nemelex Xobeh
Okawaru
Qazlal
Ru
Sif Muna
Trog
Vehumet
Xom
Yredelemnul
Zin
The Shining One

Shops:
D:3 [*   D:5 *

Annotations:
D:8 Joseph


Message History

Your cerulean imp is killed!
Your cerulean imp disappears in a puff of smoke!
Unknown command.
Joseph hits you with a +0 quarterstaff!
Joseph hits himself with a +0 quarterstaff!
There is a stone staircase leading down, spattered with blood here.
You hit Joseph.
Joseph is heavily wounded.
You barely miss Joseph.
Joseph is heavily wounded.
Casting: Mephitic Cloud (safe; 1% risk of failure)
Confirm with . or Enter, or press ? or * to list all spells.
A tiny devil pulls itself out of the air.
Your cerulean imp says, "You called?"
Joseph hits you with a +0 quarterstaff!
* * * LOW HITPOINT WARNING * * *
Unknown command.
You hit Joseph but do no damage.
Joseph is heavily wounded.
Unknown command.
You hit Joseph.
Joseph is heavily wounded.
Your cerulean imp hits Joseph but does no damage.
You hit Joseph but do no damage.
Joseph is heavily wounded.
Joseph closely misses you.
Your cerulean imp barely misses Joseph.
You hit Joseph but do no damage.
Joseph is heavily wounded.
Your cerulean imp hits Joseph but does no damage.
You hit Joseph.
Joseph is heavily wounded.
Joseph seems less confused.
You swap places.
Joseph unwields a +0 quarterstaff.
Joseph wields a +2 sling of draining.
You sense an unholy aura.
Joseph shoots a sling bullet.
The sling bullet closely misses your cerulean imp.
The sling bullet hits you!
* * * LOW HITPOINT WARNING * * *
You feel drained.
You die...

.........## ##..###..##......##
..######..####....#..####....##
# ##...##......## ######
#...........## #...........#
##........#### #.......#.##
#.......#..# ##......###@#
#......## #5# #.....## #@#
##.#### #.# ### ###


You could see Joseph (ally target) and a friendly cerulean imp (summoned).

Vanquished Creatures
  A wyvern (D:5)
  A water moccasin (D:5)
  2 ice beasts
  4 sky beasts
  A centaur (D:6)
  A kobold brigand (D:8)
  Blork the orc (D:6)
  2 bullfrogs
  A gnoll sergeant (D:5)
  A scorpion (D:6)
  4 wights
  5 killer bees (D:8)
  2 howler monkeys (D:7)
  3 jellies
  5 orc priests
  4 hounds
  Natasha (thrice) (D:2)
  An iguana (D:3)
  4 orc wizards
  4 gnolls (D:5)
  4 adders
  A shadow imp (D:7)
  3 worms
  3 dart slugs
  14 orcs
  4 bats
  7 endoplasms
  5 giant cockroaches
  9 goblins
  6 hobgoblins
  6 jackals
  2 quokkas
  9 ball pythons
  2 frilled lizards
  19 kobolds
  11 rats
155 creatures vanquished.

Vanquished Creatures (collateral kills)
  An ufetubus (D:5)
1 creature vanquished.

Grand Total: 156 creatures vanquished

Notes
Turn   | Place    | Note
-------+----------+-------------------------------------------
     0 | D:1      | pokeman the Deep Elf Hedge Wizard began the quest for the
                  | Orb.
     0 | D:1      | Reached XP level 1. HP: 10/10 MP: 7/7
   305 | D:1      | Reached XP level 2. HP: 15/15 MP: 4/9
  1107 | D:1      | Reached skill level 5 in Spellcasting
  1395 | D:2      | Reached XP level 3. HP: 17/20 MP: 3/11
  1399 | D:2      | Learned a level 3 spell: Mephitic Cloud
  1402 | D:2      | Learned a level 2 spell: Call Imp
  1405 | D:2      | Learned a level 2 spell: Blink
  1884 | D:2      | Reached skill level 1 in Fighting
  1884 | D:2      | Reached skill level 1 in Armour
  2323 | D:2      | Noticed Natasha
  2327 | D:2      | Found a faded altar of an unknown god.
  2329 | D:2      | Killed Natasha
  2330 | D:2      | Reached XP level 4. HP: 23/25 MP: 8/13
  2516 | D:2      | Noticed Natasha
  2521 | D:2      | Killed Natasha
  2690 | D:2      | Noticed Natasha
  2704 | D:2      | Killed Natasha
  2705 | D:2      | Reached skill level 6 in Spellcasting
  2705 | D:2      | Reached XP level 5. HP: 29/29 MP: 8/15
  2773 | D:3      | Found Muneh's General Store.
  2799 | D:3      | Found Ketysop's Antique Armour Shoppe.
  2845 | D:3      | Bought a scroll of revelation for 97 gold pieces
  2845 | D:3      | Bought a scroll of teleportation for 39 gold pieces
  3702 | D:4      | Reached skill level 1 in Necromancy
  3938 | D:4      | Reached skill level 1 in Evocations
  3951 | D:4      | Reached skill level 1 in Poison Magic
  3957 | D:4      | Reached XP level 6. HP: 19/34 MP: 2/17
  3965 | D:4      | Reached skill level 1 in Air Magic
  4249 | D:4      | Found a white marble altar of Elyvilon.
  4313 | D:5      | Entered Level 5 of the Dungeon
  4321 | D:5      | Noticed a water moccasin
  4336 | D:5      | Killed a water moccasin
  4337 | D:5      | Reached skill level 7 in Spellcasting
  4638 | D:5      | Found Segacred's Assorted Antiques.
  4643 | D:5      | Noticed a wyvern
  4657 | D:5      | Killed a wyvern
  4658 | D:5      | Reached XP level 7. HP: 35/39 MP: 10/20
  4732 | D:5      | Bought a scroll labelled EKONTA UXUNT for 24 gold pieces
  4732 | D:5      | Bought a puce potion for 21 gold pieces
  4732 | D:5      | Bought a scroll labelled BOUKO GIHUTZ for 24 gold pieces
  5057 | D:5      | Reached skill level 8 in Spellcasting
  5142 | D:5      | Found a glowing golden altar of the Shining One.
  5592 | D:6      | Found an opulent altar of Gozag.
  5593 | D:6      | Noticed Blork the orc
  5604 | D:6      | Killed Blork the orc
  5683 | D:6      | Reached XP level 8. HP: 15/44 MP: 4/22
  5899 | D:6      | Found a shadowy altar of Dithmenos.
  6076 | D:6      | Reached skill level 9 in Spellcasting
  6634 | D:7      | Reached skill level 5 in Conjurations
  6771 | D:7      | Found a staircase to the Ecumenical Temple.
  6790 | Temple   | Entered the Ecumenical Temple
  6805 | Temple   | Became a worshipper of Vehumet
  7062 | D:7      | Reached skill level 1 in Shields
  7317 | D:7      | Reached skill level 10 in Spellcasting
  7657 | D:7      | Reached skill level 5 in Necromancy
  7936 | D:8      | Found a shimmering altar of Xom.
  8148 | D:8      | Reached XP level 9. HP: 48/48 MP: 20/25
  8604 | D:8      | Reached skill level 11 in Spellcasting
  8902 | D:8      | Found a sparkling altar of Nemelex Xobeh.
  8917 | D:8      | Found a snail-covered altar of Cheibriados.
  8954 | D:8      | Noticed Joseph
  8985 | D:8      | HP: 1/48 [Joseph/sling bullet (15)]
  8985 | D:8      | Shot with a sling bullet by Joseph

Illustrated notes

Levels and vault maps discovered:
D:1:      lightli_arrival_isolated_outpost, layout_basic,
          minmay_misc_feat_plants, kennysheep_doodads, hangedman_decor_points,
          grunt_decor_junction
D:2:      layout_rooms, shapermc_ecumenical_altar_petra, grunt_decor_arrowhead,
          minmay_puff, uniq_natasha
D:3:      layout_rooms, serial_shops, nicolae_shop_tiny_statue_garden, shop
D:4:      layout_basic, nicolae_elyvilon_temple_path
D:5:      layout_loops_cross, mainiacjoe_overflow_small_starburst, serial_shops,
          shop, nicolae_figureground_sparkle
D:6:      layout_loops_cross, mainiacjoe_overflow_boulevard,
          nicolae_dithmenos_through_a_glass_darkly, uniq_blork_the_orc
D:7:      layout_cave_pods, minmay_temple_entry_hall
D:8:      layout_cave_pods, general_overflow_altar,
          chequers_temple_overflow_statue_of_worship, uniq_joseph
Temple:   jpeg_temple_clearing

Skill      XL: |  1  2  3  4  5  6  7  8  9 |
---------------+----------------------------+-----
Spellcasting   | 5 6 7 8 10 11 | 11.2
Fighting       | 1 2 |  2.1
Armour         | 1 2 |  2.0
Conjurations   | 2 3 4 5 6 |  6.1
Dodging        | 3 |  3.0
Stealth        | 3 |  3.1
Necromancy     | 1 2 3 5 |  5.8
Evocations     | 1 |  1.0
Poison Magic   | 1 |  1.2
Air Magic      | 1 |  1.1
Shields        | 2 |  2.5
Summonings     | |  1.1
Translocations | |  1.1

Action                     |  1- 3 |  4- 6 |  7- 9 || total
---------------------------+-------+-------+-------++-------
  Melee: Dagger            |    19 |    29 |    76 ||   124
         Punch             |     1 |       |     2 ||     3
   Cast: Magic Dart        |   115 |   137 |   235 ||   487
         Mephitic Cloud    |     1 |     7 |    25 ||    33
         Blink             |       |     1 |     1 ||     2
         Call Imp          |       |       |    10 ||    10
    Use: Potion            |       |     1 |       ||     1
   Stab: Confused          |     2 |     5 |    11 ||    18
 Armour: Robe              |    15 |    27 |    55 ||    97
  Dodge: Dodged            |    20 |    43 |    74 ||   137

Table legend: (Time is in decaauts)
 A = Elapsed time spent in this place.
 B = Non-inter-level travel time spent in this place.
 C = Inter-level travel time spent in this place.
 D = Time resting spent in this place.
 E = Time spent auto-exploring this place.
 F = Levels seen in this place.
 G = Mean time per level.
                   A        B        C        D        E       F      G
               +--------+--------+--------+--------+--------+-----+--------+
         Total |   8978 |   8668 |    310 |     24 |   7333 |   9 |  997.6 |
       Dungeon |   8947 |   8665 |    282 |     24 |   7333 |   8 | 1118.4 |
        Temple |     30 |      2 |     28 |      0 |      0 |   1 |   30.0 |
               +--------+--------+--------+--------+--------+-----+--------+

Top non-repeatable levels by time:
     D:2: 1491 daAuts
     D:7: 1368 daAuts
     D:1: 1286 daAuts
     D:5: 1230 daAuts
     D:8: 1062 daAuts
     D:6: 969 daAuts
     D:3: 795 daAuts
     D:4: 743 daAuts
  Temple: 30 daAuts
